Map: Orbital Shipyard

Players

SticklerMac

  • Race: Zerg Zerg
  • League: Bronze

lllllllIIIIl - Winner!

  • Race: Protoss Protoss
  • League: Grandmaster

VOD

Have the link to the VOD?

Description

Time

  • Played on: July 23, 2015, midnight
  • Length: 15:15
Show
View Real Time Build Order
Export as new Build Order

SticklerMac Zerg 

Build Orders: 3 Hatch before Pool 

Get SALT Encoding   

  12  0:01  Drone  
  13  0:11  Drone  
  14  0:17  Overlord  
  14  0:42  Hatchery  
  13  0:45  Drone  
  13  0:48  Drone  
  15  0:52  Drone  
  15  0:57  Drone  
  17  1:07  Drone  
  18  1:23  Hatchery  
  18  1:24  Drone  
  18  1:30  Drone  
  19  1:40  Spawning Pool  
  18  1:57  Drone  
  18  1:58  Drone x2  
  21  2:10  Drone x2  
  21  2:11  Drone  
  24  2:15  Drone  
  25  2:27  Zergling x4  
  27  2:33  Zergling x2  
  28  2:39  Queen  
  30  2:48  Drone x2  
  30  2:50  Drone  
  33  2:53  Drone  
  34  3:02  Overlord  
  34  3:06  Overlord  
  34  3:10  Extractor  
  33  3:15  Overlord  
  33  3:21  Drone  
  33  3:22  Drone x5  
  33  3:24  Drone  
  33  3:26  Drone  
  41  3:35  Drone x2  
  41  3:39  Queen  
  45  3:42  Drone  
  45  3:49  Zergling x6  
  45  3:51  Zergling x8  
  52  3:58  Queen  
  52  3:59  Drone  
  52  4:00  Drone  
  56  4:04  Drone  
  56  4:08  Overlord x2  
  57  4:12  Overlord  
  57  4:28  Zergling x18  
  66  4:33  Metabolic Boost  
  66  4:38  Baneling Nest  
  65  4:46  Drone x3  
  65  4:49  Hatchery  
  65  4:51  Zergling x2  
  65  4:52  Zergling x4  
  70  4:54  Zergling x6  
  70  4:55  Zergling x2  
  74  5:00  Zergling x4  
  76  5:11  Zergling x2  
  76  5:12  Zergling x8  
  76  5:13  Overlord  
  81  5:22  Baneling  
  81  5:23  Baneling x4  
  81  5:27  Baneling  
  81  5:31  Queen  
  83  5:36  Baneling  
  83  5:45  Zergling x14  
  83  5:47  Overlord x6  
  83  5:48  Overlord x6  
  89  6:02  Baneling x3  
  87  6:04  Zergling x2  
  87  6:05  Zergling x8  
  92  6:15  Drone, Zergling x4  
  85  6:34  Zergling x4  
  85  6:35  Zergling x8  
  85  6:38  Zergling x2  
  85  6:39  Zergling x8  
  90  6:43  Spine Crawler  
  90  6:44  Spine Crawler x2  
  90  6:46  Spine Crawler x2  
  82  6:49  Spine Crawler  
  82  6:50  Spine Crawler  
  82  6:51  Spine Crawler x2, Zergling x2  
  82  6:52  Zergling x18  
  83  7:00  Zergling x2  
  78  7:01  Zergling x4  
  78  7:06  Zergling x2  
  68  7:17  Hatchery  
  68  7:18  Zergling x6  
  63  7:24  Zergling x2  
  63  7:25  Zergling x2  
  63  7:29  Zergling x2  
  61  7:34  Zergling x18  
  63  7:39  Zergling x2  
  63  7:42  Zergling x2  
  63  7:51  Extractor  
  63  7:57  Zergling x2  
  63  7:58  Zergling x10  
  66  8:03  Zergling x2  
  66  8:04  Zergling x16  
  75  8:18  Zergling x16  
  80  8:25  Zergling x8  
  78  8:32  Zergling x4  
  78  8:33  Zergling x6  
  76  8:38  Zergling x2  
  76  8:39  Zergling x4  
  73  8:52  Zergling x2  
  73  8:53  Zergling x12  
  80  8:58  Lair  
  80  9:05  Spore Crawler x2  
  80  9:08  Spore Crawler  
  77  9:10  Spore Crawler  
  77  9:13  Spore Crawler  
  77  9:15  Spore Crawler  
  74  9:19  Spore Crawler  
  74  9:21  Drone  
  74  9:22  Drone  
  75  9:27  Drone x2  
  76  9:35  Drone x3  
  76  9:37  Drone  
  80  9:44  Overlord  
  80  9:48  Overlord  
  80  9:59  Overlord x2  
  80  10:01  Overlord  
  80  10:09  Drone x3  
  80  10:10  Extractor  
  80  10:21  Spore Crawler  
  79  10:22  Spore Crawler  
  79  10:23  Spore Crawler  
  79  10:25  Spore Crawler  
  59  11:06  Spore Crawler  
  59  11:08  Spore Crawler  
  59  11:09  Spore Crawler x2  
  55  11:12  Spore Crawler  
  54  11:22  Spore Crawler  
  54  11:25  Spore Crawler  
  52  11:37  Drone  
  40  12:02  Zergling x2  
  40  12:04  Drone  
  42  12:15  Drone  
  41  12:26  Drone  
  41  12:41  Drone x2  
  26  13:11  Drone x3  
  26  13:12  Drone x2  
Show
View Real Time Build Order
Export as new Build Order

lllllllIIIIl Protoss - Winner!

Build Orders:  

Get SALT Encoding   

  12  0:02  Probe  
  13  0:19  Probe  
  13  0:20  Pylon  
  14  0:44  Gateway, Assimilator, Probe  
  15  0:56  Probe  
  16  1:03  Assimilator  
  16  1:08  Probe  
  17  1:20  Probe  
  17  1:24  Pylon  
  18  1:41  Cybernetics Core, Pylon  
  18  1:45  Forge  
  20  1:54  Zealot  
  20  2:20  Photon Cannon  
  20  2:27  Probe  
  20  2:42  Nexus  
  20  2:48  Warp Gate  
  20  3:01  Probe, Pylon  
  21  3:11  Pylon  
  21  3:18  Probe  
  22  3:29  Pylon  
  22  3:30  Probe (Chrono Boost)  
  23  3:39  Probe (Chrono Boost)  
  24  3:47  Probe (Chrono Boost)  
  26  3:57  Probe (Chrono Boost)  
  26  3:59  Probe (Chrono Boost)  
  27  4:05  Probe (Chrono Boost)  
  27  4:07  Probe (Chrono Boost)  
  29  4:10  Photon Cannon  
  29  4:12  Probe (Chrono Boost)  
  29  4:16  Probe (Chrono Boost)  
  31  4:22  Probe (Chrono Boost)  
  33  4:24  Probe (Chrono Boost)  
  33  4:26  Stargate  
  33  4:29  Probe  
  34  4:33  Probe  
  35  4:39  Stargate  
  35  4:41  Probe  
  35  4:44  Protoss Air Weapons Level 1  
  38  4:45  Mothership Core  
  38  4:54  Pylon  
  38  5:00  Probe  
  38  5:06  Probe  
  40  5:07  Sentry  
  40  5:12  Probe  
  40  5:13  Void Ray (Chrono Boost)  
  47  5:18  Probe  
  47  5:21  Assimilator  
  48  5:24  Probe  
  49  5:35  Sentry  
  51  5:46  Void Ray (Chrono Boost)  
  51  5:49  Void Ray (Chrono Boost)  
  59  6:02  Pylon  
  59  6:12  Pylon  
  59  6:17  Pylon  
  59  6:21  Void Ray (Chrono Boost)  
  59  6:22  Void Ray (Chrono Boost)  
  63  6:41  Sentry  
  59  7:25  Gateway  
  59  7:28  Gateway  
  59  7:29  Gateway  
  59  7:30  Pylon  
  59  7:32  Forge  
  59  7:45  Pylon  
  59  7:46  Pylon  
  59  7:47  Void Ray  
  63  7:53  Void Ray  
  67  8:05  Gateway  
  67  8:07  Gateway  
  67  8:10  Pylon  
  67  8:17  Photon Cannon  
  67  8:19  Photon Cannon  
  67  8:23  Gateway  
  67  8:26  Pylon  
  67  8:30  Void Ray  
  67  8:33  Photon Cannon  
  71  8:46  Protoss Ground Weapons Level 1 (Chrono Boost)  
  71  8:53  Gateway  
  71  8:54  Gateway  
  71  8:57  Gateway  
  71  9:06  Cybernetics Core  
  71  9:19  Pylon  
  71  9:26  Gateway  
  71  9:35  Nexus  
  71  9:47  Assimilator  
  71  10:02  Photon Cannon  
  71  10:45  Twilight Council  
  71  10:46  Pylon  
  71  10:50  Pylon  
  71  11:17  Probe x3  
  74  11:22  Zealot x4  
  74  11:23  Zealot x4  
  90  11:29  Pylon  
  90  11:31  Gateway  
  90  11:32  Protoss Ground Weapons Level 2 (Chrono Boost)  
  90  11:33  Charge (Chrono Boost)  
  90  11:34  Gateway  
  86  11:53  Zealot  
  86  11:54  Zealot x3  
  90  11:55  Zealot x4  
  102  12:12  Gateway, Photon Cannon  
  102  12:13  Photon Cannon  
  102  12:27  Pylon  
  102  12:30  Pylon, Zealot x3  
  108  12:42  Sentry x4  
  108  12:43  Sentry  
  118  12:53  Photon Cannon  
  118  12:54  Gateway, Photon Cannon  
  118  12:56  Gateway  
  118  12:57  Gateway  
  118  13:00  Gateway  
  104  13:25  Pylon  
  104  13:30  Photon Cannon  
  104  13:32  Pylon  
  104  13:33  Pylon  
  104  13:36  Pylon  
  103  13:45  Oracle  
  106  13:49  Assimilator  
  106  13:51  Stalker x5  
  106  13:52  Stalker x5  
  124  14:06  Stalker  
  100  14:18  Zealot x3  
  100  14:19  Zealot x6  
  114  14:36  Phoenix (Chrono Boost)  
  118  14:43  Phoenix (Chrono Boost)  
Tags
 
Add a new tag
Caveats
  • Supply blocks, unpowered buildings, or Contaminate may cause inaccurate times.
  • Supply counts are checked every 10 seconds.